 Dungeon Crawl Stone Soup version 0.21.1-1-g345015fe64 (webtiles) character file.

1586 Oravi the Transmogrifier (level 8, 0/81 HPs)
             Began as a Merfolk Transmuter on Apr 15, 2018.
             Was an Initiate of Qazlal.
             Killed by divine providence
             ... invoked by an orc priest
              (13 damage)
             ... on level 6 of the Dungeon.
             The game lasted 00:18:52 (7131 turns).

Oravi the Transmogrifier (Merfolk Transmuter)       Turns: 7131, Time: 00:18:52

Health: 0/81       AC: 24    Str:  8 (10) XL:     8   Next: 92%
Magic:  9/11       EV:  2    Int: 13 (15) God:    Qazlal [......]
Gold:   242        SH:  0    Dex: 11 (14) Spells: 5/11 levels left

rFire    + . .     SeeInvis .     - Unarmed
rCold    . . .     Gourm    .   (no shield)
rNeg     + + +     Faith    .   (armour currently unavailable)
rPois    +         Spirit   .   (helmet currently unavailable)
rElec    .         Reflect  .   (cloak currently unavailable)
rCorr    .         Harm     .   (gloves currently unavailable)
MR       .....     NoTele   +   (boots currently unavailable)
Stlth    +.........             (no amulet)
HPRegen  0.23/turn              C - ring of positive energy
MPRegen  0.12/turn              e - ring of protection from fire

@: tree-form
A: (change form in water), (swift swim), (stealthy swim)
a: Renounce Religion


You were on level 6 of the Dungeon.
You worshipped Qazlal.
Qazlal was noncommittal.
You were hungry.
You were a tree.
You visited 2 branches of the dungeon, and saw 7 of its levels.

You collected 242 gold pieces.

Inventory:

Missiles
 a - 131 arrows
Armour
 b - a +1 robe (melded)
Jewellery
 e - a ring of protection from fire (right branch)
 j - an uncursed ring of protection from fire
 y - an uncursed ring of fire
 C - a ring of positive energy (left branch)
Wands
 q - a wand of flame (43)
 t - a wand of random effects (25)
Scrolls
 f - a scroll of enchant armour
 m - a scroll of remove curse
 p - 5 scrolls of teleportation
 r - a scroll of fear
 w - a scroll of blinking
 A - a scroll of fog
Potions
 g - a potion of curing
 i - a potion of resistance
 k - 2 potions of brilliance
 l - a potion of cancellation
 n - a potion of degeneration
 o - 2 potions of experience {unknown}
 s - a potion of heal wounds
 u - a potion of flight {unknown}
 v - a potion of berserk rage {unknown}
Books
 c - a book of Changes

   Spells                             Type                      Level
   a - Beastly Appendage              Transmutation                1
   b - Sticks to Snakes               Transmutation                2
   c - Spider Form                    Transmutation/Poison         3
   d - Ice Form                       Ice/Transmutation            4
   e - Blade Hands                    Transmutation                5
 z - a book of Misfortune

   Spells                             Type                      Level
   a - Confusing Touch                Hexes                        1
   b - Confuse                        Hexes                        3
   c - Gell's Gravitas                Translocation                3
   d - Petrify                        Transmutation/Earth          4
   e - Metabolic Englaciation         Hexes/Ice                    5
   f - Yara's Violent Unravelling     Hexes/Transmutation          5
Comestibles
 d - 8 rations


   Skills:
 + Level 1.6 Fighting
 + Level 5.0 Dodging
 + Level 7.6 Unarmed Combat
 - Level 2.0 Spellcasting
 * Level 8.8 Transmutations
 * Level 5.2 Poison Magic


You had 5 spell levels left.
You knew the following spells:

 Your Spells              Type           Power        Failure   Level  Hunger
a - Beastly Appendage     Tmut           ###...       1%          1    ##.....
b - Sticks to Snakes      Tmut           ###.....     1%          2    ###....
c - Spider Form           Tmut/Pois      ###.......   4%          3    ####...


Dungeon Overview and Level Annotations

Branches:
Dungeon (6/15)             Temple (1/1) D:6

Altars:
Ashenzari
Cheibriados
Dithmenos
Fedhas
Gozag
Hepliaklqana
Kikubaaqudgha
Makhleb
Nemelex Xobeh
Okawaru
Qazlal
Ru
Sif Muna
Trog
Uskayaw
Vehumet
Wu Jian
Xom
Yredelemnul
Zin
The Shining One

Shops:
D:4 :

Annotations:
D:2 1 runed door


Message History

Qazlal accepts your kill.
The orc priest mumbles some strange prayers to Beogh against you.
Pain shoots through your body!
* * * LOW HITPOINT WARNING * * *
You feel better.
Your transformation has ended.
Your +1 robe unmelds from your body.
You turn into a tree.
Your +1 robe melds into your body.
Your roots penetrate the ground.
The orc priest calls down the wrath of Beogh upon you.
Beogh smites you!
* * * LOW HITPOINT WARNING * * *
It was a potion of degeneration.
There was something very wrong with that liquid.
You feel weakened.
You feel dopey.
You feel clumsy. The orc priest barely misses you.
You smack the orc priest!
The orc priest is heavily wounded.
The orc priest invokes the aid of Beogh against you.
Beogh smites you!
You die...

#.# #.>..........##.#
#.########.......##.#
#....# #.#.#...####.#
####.# #..#.........
#.# ##[....###### #.#
#..###### #.#
#.#......# #.# #
######.##### #♣#
#...... #o# #..####
#o# #...... #o#
##.###. #5# #.##.#
#o. #.#.## #.. #..##
#.# #.#.## #.# #.##.#


You could see an orc priest, an orc wizard, a crimson imp and 2 orcs.

Vanquished Creatures
  The ghost of Goboxel the Charmwright, an amateur GnSk of the Shining One (D:3)
  A water moccasin (D:4)
  3 ice beasts
  An ogre (D:4)
  A necrophage (D:5)
  2 centaurs
  2 bullfrogs (D:6)
  2 scorpions (D:4)
  A bullfrog zombie (D:5)
  2 jellies
  An orc priest (D:3)
  A bullfrog skeleton (D:6)
  Jessica (D:3)
  2 orc wizards
  3 worker ants
  A hound skeleton (D:4)
  9 adders
  7 gnolls
  A shadow imp (D:6)
  An ooze (D:4)
  An adder skeleton (D:5)
  A worm (D:4)
  2 leopard geckos
  6 orcs
  6 giant cockroaches
  9 goblins
  3 hobgoblins
  7 kobolds
  A quokka (D:5)
  2 ball pythons (D:3)
  4 bats
  A frilled lizard (D:2)
  7 rats
93 creatures vanquished.

Notes
Turn   | Place    | Note
-------+----------+-------------------------------------------
     0 | D:1      | Oravi the Merfolk Transmuter began the quest for the Orb.
     0 | D:1      | Reached XP level 1. HP: 15/15 MP: 3/3
   465 | D:1      | Reached skill level 3 in Transmutations
   465 | D:1      | Reached XP level 2. HP: 11/21 MP: 3/5
  1170 | D:2      | Reached XP level 3. HP: 20/26 MP: 4/6
  1174 | D:2      | Learned a level 2 spell: Sticks to Snakes
  1178 | D:2      | Learned a level 3 spell: Spider Form
  1426 | D:2      | Found a glowing golden altar of the Shining One.
  1427 | D:2      | Found a shattered altar of Ashenzari.
  1591 | D:2      | Found a runed door.
  2034 | D:2      | Reached skill level 4 in Transmutations
  2301 | D:2      | Reached XP level 4. HP: 24/32 MP: 3/7
  2534 | D:3      | Noticed Jessica
  2543 | D:3      | Killed Jessica
  2570 | D:3      | Reached XP level 5. HP: 30/37 MP: 2/8
  2690 | D:2      | Reached skill level 1 in Poison Magic
  2910 | D:2      | Reached skill level 5 in Unarmed Combat
  3245 | D:3      | Noticed Goboxel's ghost (amateur GnSk)
  3628 | D:3      | Found a sparkling altar of Nemelex Xobeh.
  3717 | D:3      | Killed Goboxel's ghost
  3717 | D:3      | Reached skill level 5 in Transmutations
  3717 | D:3      | Reached XP level 6. HP: 42/43 MP: 1/9
  3889 | D:3      | Found a bloodstained altar of Trog.
  3953 | D:4      | Noticed a water moccasin
  3961 | D:4      | Killed a water moccasin
  3961 | D:4      | Reached skill level 6 in Transmutations
  3961 | D:4      | Reached XP level 7. HP: 29/48 MP: 7/10
  4435 | D:4      | Found a hide-covered altar of Uskayaw.
  4897 | D:4      | Found Emymenk's Book Boutique.
  5174 | D:5      | Entered Level 5 of the Dungeon
  5184 | D:5      | Reached skill level 7 in Transmutations
  5340 | D:5      | Reached XP level 8. HP: 37/54 MP: 8/11
  5879 | D:5      | Reached skill level 8 in Transmutations
  6794 | D:6      | Reached skill level 5 in Poison Magic
  6805 | D:6      | Found a staircase to the Ecumenical Temple.
  6824 | Temple   | Entered the Ecumenical Temple
  6837 | Temple   | Became a worshipper of Qazlal Stormbringer
  6954 | D:6      | Reached skill level 5 in Dodging
  7131 | D:6      | Killed from afar by an orc priest

Skill      XL: |  1  2  3  4  5  6  7  8 |
---------------+-------------------------+-----
Transmutations | 3 4 5 6 7 8 |  8.8
Unarmed Combat | 4 5 6 7 |  7.6
Dodging        | 3 4 5 |  5.0
Poison Magic   | 2 4 5 |  5.2
Fighting       | |  1.6
Spellcasting   | |  2.0

Action                   |  1- 3 |  4- 6 |  7- 9 || total
-------------------------+-------+-------+-------++-------
Melee: Unarmed           |    90 |   101 |   165 ||   356
       Headbutt          |     4 |     2 |       ||     6
 Cast: Beastly Appendage |    13 |     2 |       ||    15
       Spider Form       |     5 |    15 |    29 ||    49
       Sticks to Snakes  |       |     7 |       ||     7
  Use: Scroll            |     4 |     4 |     5 ||    13
       Potion            |       |     4 |     3 ||     7
 Stab: Sleeping          |     1 |       |     1 ||     2
       Distracted        |       |     2 |       ||     2
  Eat: Chunk             |     4 |     7 |    13 ||    24
       Ration            |       |     1 |       ||     1
Armor: Robe              |    11 |     3 |     1 ||    15
       Skin              |     1 |     6 |     2 ||     9
Dodge: Dodged            |    59 |    76 |   139 ||   274
